 Dungeon Crawl Stone Soup version 0.28-a0-706-gf6f64a616a (webtiles) character file.

Game seed: 8690832690739230229

21 bellsore the Insei (level 2, 0/22 HPs)
             Began as a Merfolk Transmuter on Oct 24, 2021.
             Slain by a hobgoblin (3 damage)
             ... on level 1 of the Dungeon.
             The game lasted 00:01:39 (731 turns).

bellsore the Insei (Merfolk Transmuter)              Turns: 731, Time: 00:01:40

Health: 0/22       AC:  3    Str: 10    XL:     2   Next: 83%
Magic:  5/5        EV: 12    Int: 12    God:
Gold:   47         SH:  0    Dex: 14    Spells: 4/5 levels left

rFire   . . .      SeeInvis .   b - +0 dagger
rCold   . . .      Faith    .   (no shield)
rNeg    . . .      Spirit   .   a - +0 robe
rPois   .          Reflect  .   (helmet currently unavailable)
rElec   .          Harm     .   (no cloak)
rCorr   .          Rampage  .   c - +0 pair of gloves
Will    .....                   (boots currently unavailable)
Stlth   +.........              (no amulet)
HPRegen 0.07/turn               (no ring)
MPRegen 0.09/turn               (no ring)

@: appendages (expiring)
A: horns 2, (nimble swimmer 2), mertail
a: End Transformation


You were on level 1 of the Dungeon.
You had temporarily grown beastly horns.
You visited 1 branch of the dungeon, and saw 1 of its levels.

You collected 47 gold pieces.

Inventory:

Hand Weapons
 b - a +0 dagger (weapon)
Armour
 a - a +0 robe (worn)
 c - a +0 pair of gloves (worn)
Potions
 d - a potion of heal wounds {unknown}


   Skills:
 + Level 2.2 Fighting
 - Level 2.6 Dodging
 + Level 3.9 Unarmed Combat
 - Level 2.0 Spellcasting
 - Level 2.6 Transmutations


You had 4 spell levels left.
You knew the following spells:

 Your Spells              Type           Power      Damage    Failure   Level
a - Beastly Appendage     Tmut           14%        N/A       9%          1

Your spell library contained the following spells:

 Spells                   Type           Power      Damage    Failure   Level
 Wereblood                Tmut           7%         N/A       14%         2
 Spider Form              Tmut/Pois      2%         N/A       43%         3
 Ice Form                 Ice/Tmut       4%         N/A       83%         4


Dungeon Overview and Level Annotations

Branches:
Dungeon (1/15)

Altars:


Innate Abilities, Weirdness & Mutations

You have temporarily grown beastly horns.
((You are quick and stealthy near water. (Stealth+, EV+, Speed+++)))
Your lower body shifts to a powerful aquatic tail in water.


Message History

You grow a pair of large bovine horns.
The goblin closely misses you. The kobold closely misses you.
You hit the kobold but do no damage.
The kobold is moderately wounded.
The goblin hits you but does no damage.
The kobold hits you with a +0 short sword.
You miss the kobold.
The kobold is moderately wounded.
The goblin hits you with a +0 club. The kobold misses you.
You hit the kobold but do no damage.
The kobold is moderately wounded.
The goblin closely misses you. The kobold closely misses you.
A hobgoblin comes into view.
You closely miss the kobold.
The hobgoblin shouts!
Your headbutt misses the kobold.
The kobold is moderately wounded.
The goblin hits you with a +0 club.
The kobold hits you with a +0 short sword.
* * * LOW HITPOINT WARNING * * *
You see here a scroll labelled TIDYPL NAMEBB.
You hit the goblin but do no damage. The goblin closely misses you.
The goblin hits you but does no damage.
You closely miss the goblin.
Your transformation is almost over.
The goblin hits you with a +0 club.
* * * LOW HITPOINT WARNING * * *
You closely miss the goblin. You headbutt the goblin.
You kill the goblin!
The bat barely misses you. The bat hits you but does no damage.
You closely miss the bat. The bat barely misses you.
The bat hits you but does no damage.
You hit the bat. Your headbutt misses the bat.
The bat is moderately wounded.
The bat misses you.
You hit the bat.
You kill the bat!
You barely miss the hobgoblin. The hobgoblin closely misses you.
You hit the hobgoblin but do no damage. The hobgoblin hits you.
You die...

#>. # #.# .. #.#
... #[# .... #.#
##### .....##.#
#..'# ..g....K#
#.###
....###g#######.#.#
. #@......#.†.###
#(.####.###...####
#.................
#......#.###.......
#......#...........
+....>.######......
#.....## #......
#.....# #......
#..... #......


You could see a hobgoblin and a kobold.

Vanquished Creatures
  4 bats (D:1)
  A giant cockroach (D:1)
  4 goblins (D:1)
  2 hobgoblins (D:1)
  A quokka (D:1)
  2 ball pythons (D:1)
  A kobold (D:1)
  4 rats (D:1)
19 creatures vanquished.

Notes
Turn   | Place    | Note
-------+----------+-------------------------------------------
     0 | D:1      | bellsore the Merfolk Transmuter began the quest for the
                  | Orb.
     0 | D:1      | Reached XP level 1. HP: 15/15 MP: 3/3
   489 | D:1      | Reached XP level 2. HP: 22/22 MP: 5/5
   731 | D:1      | Slain by a hobgoblin

Illustrated notes

Levels and vault maps discovered:
D:1:      minmay_arrival_glassed_features, layout_basic, kennysheep_minor_cross,
          chequers_decorated_corner

Skill      XL: |  1  2 |
---------------+-------+-----
Fighting       | 2 |  2.2
Dodging        | |  2.6
Unarmed Combat | |  3.9
Spellcasting   | |  2.0
Transmutations | |  2.6

Action                   || total
-------------------------++-------
Melee: Dagger            ||    78
       Headbutt          ||     7
       Unarmed           ||     2
       Punch             ||     1
 Cast: Beastly Appendage ||    11
Armor: Robe              ||    35
Dodge: Dodged            ||    67

Table legend: (Time is in decaauts)
 A = Elapsed time spent in this place.
 B = Non-inter-level travel time spent in this place.
 C = Inter-level travel time spent in this place.
 D = Time resting spent in this place.
 E = Time spent auto-exploring this place.
 F = Levels seen in this place.
 G = Mean time per level.
                   A        B        C        D        E       F      G
               +--------+--------+--------+--------+--------+-----+--------+
         Total |    730 |    730 |      0 |    100 |    454 |   1 |  730.0 |
       Dungeon |    730 |    730 |      0 |    100 |    454 |   1 |  730.0 |
               +--------+--------+--------+--------+--------+-----+--------+

Top non-repeatable levels by time:
     D:1: 730 daAuts
